 Dungeon Crawl Stone Soup version 0.30.1-9-gdf580d7c3d (webtiles) character file.

Game seed: 2149055570507852375

14 booth the Conjurer (level 2, -2/25 HPs)
             Began as a Draconian Reaver on Oct 17, 2023.
             Frozen to death by an endoplasm (5 damage)
             ... on level 1 of the Dungeon.
             The game lasted 00:01:43 (342 turns).

booth the Conjurer (Draconian Reaver)                Turns: 342, Time: 00:01:43

Health: -2/25      AC:  4    Str: 14    XL:     2   Next: 31%
Magic:  5/5        EV: 12    Int: 13    God:
Gold:   14         SH:  0    Dex:  9    Spells: 4/5 levels left

rFire   . . .        a - +0 hand axe
rCold   . . .        (no shield)
rNeg    . . .        (body armour unavailable)
rPois   .            (helmet restricted)
rElec   .            (no cloak)
rCorr   .            (no gloves)
SInv    .            (no boots)
Will    .....        (no amulet)
Stlth   +            (no ring)
HPRegen 0.24/turn    (no ring)
MPRegen 0.09/turn

%: no passive effects
@: slowed, very slow
A: AC +4, unfitting armour, cold-blooded
a: no special abilities


You were on level 1 of the Dungeon.
You visited 1 branch of the dungeon, and saw 1 of its levels.

You collected 14 gold pieces.

Inventory:

Hand Weapons
 a - a +0 hand axe (weapon)
Missiles
 b - 4 poisoned darts
Potions
 c - a potion of might {unknown}


   Skills:
 + Level 2.4 Fighting
 * Level 3.1 Axes
 + Level 2.0 Dodging
 + Level 2.1 Spellcasting
 + Level 3.2 Conjurations


You had 4 spell levels left.
You knew the following spells:

 Your Spells              Type           Power      Damage    Failure   Level
a - Kiss of Death         Conj/Necr      20%        2d7       13%         1

Your spell library contained the following spells:

 Spells                   Type           Power      Damage    Failure   Level
 Momentum Strike          Conj/Tloc      10%        3d8       21%         2
 Hailstorm                Conj/Ice       5%         3d4       36%         3


Dungeon Overview and Level Annotations

Branches:
Dungeon (1/15)

Altars:


Innate Abilities, Weirdness & Mutations

Your plain brown scales are hard. (AC +4)
You cannot fit into any form of body armour.
You are cold-blooded and may be slowed by cold attacks.


Message History

You closely miss the goblin. The goblin barely misses you.
The goblin hits you with a +0 club.
You hit the goblin. You tail-slap the goblin.
You kill the goblin!
An endoplasm comes into view.
The endoplasm quivers.
You hit the rat.
You kill the rat!
You barely miss the kobold. The kobold hits you but does no damage.
You barely miss the kobold.
The kobold hits you with a +0 short sword.
You barely miss the kobold. The kobold misses you.
You hit the kobold.
You kill the kobold!
You hit the endoplasm but do no damage. The endoplasm freezes you.
You are frozen.
You feel yourself slow down. The endoplasm freezes you.
You are frozen.
You feel as though you will be slow longer.
You completely miss the endoplasm. The endoplasm freezes you.
You are frozen.
You feel as though you will be slow longer.
You hit the endoplasm.
The endoplasm is severely wounded.
The endoplasm freezes you.
You are frozen.
The endoplasm hits you but does no damage.
You completely miss the endoplasm.
The endoplasm is severely wounded.
The endoplasm hits you. x2
You hit the endoplasm but do no damage.
The endoplasm is severely wounded.
The endoplasm freezes you.
You are frozen.
* * * LOW HITPOINT WARNING * * *
The endoplasm freezes you.
You are frozen.
You die...

> #.#.#. .# ## . #
.#...##.## . ..
........
.#......### ..
.........
#..#.....#
#....K..# #J#
#@#############
#.............#
########.#..#.####
#.#...#....
#.#.#...#.#
#.#...#...#
#.#.#...#.#
#.##..#..##
#......###


You could see an endoplasm and a kobold.

Vanquished Creatures
  A bat (D:1)
  4 endoplasms (D:1)
  4 goblins (D:1)
  A hobgoblin (D:1)
  A kobold (D:1)
  A rat (D:1)
12 creatures vanquished.

Notes
Turn   | Place    | Note
-------+----------+-------------------------------------------
     0 | D:1      | booth the Draconian Reaver began the quest for the Orb.
     0 | D:1      | Reached XP level 1. HP: 17/17 MP: 3/3
   241 | D:1      | Reached XP level 2. HP: 25/25 MP: 5/5
   342 | D:1      | Frozen to death by an endoplasm

Illustrated notes

Levels and vault maps discovered:
D:1:      ebering_trefoil_3fold, layout_loops_cross, hex_tiny, minmay_surrounded

Skill      XL: |  1  2 |
---------------+-------+-----
Dodging        | 2 |  2.0
Fighting       | |  2.4
Axes           | |  3.1
Spellcasting   | |  2.1
Conjurations   | |  3.2

Action                     || total
---------------------------++-------
  Melee: Hand axe          ||    34
         Tailslap          ||     4
         Punch             ||     1
 Armour: Skin              ||     6
  Dodge: Dodged            ||    11
